 Dungeon Crawl Stone Soup version 0.29-a0-504-gec6baf379c (webtiles) character file.

Game seed: 13860793438825883956

0 Bruhh the Skirmisher (level 1, -6/24 HPs)
             Began as an Ogre Abyssal Knight on May 28, 2022.
             Was a Believer of Lugonu.
             Killed from afar by a will-o-the-wisp (13 damage)
             ... with a foxfire
             ... on level 1 of the Abyss.
             The game lasted 00:00:47 (103 turns).

Bruhh the Skirmisher (Ogre Abyssal Knight)           Turns: 103, Time: 00:00:47

Health: -6/24      AC:  3    Str: 16    XL:     1   Next: 0%
Magic:  2/2        EV: 10    Int: 11    God:    Lugonu [**....]
Gold:   0          SH:  0    Dex:  9    Spells: 0/0 levels left

rFire   . . .      SeeInvis .   a - +1 spear
rCold   . . .      Faith    .   (no shield)
rNeg    . . .      Spirit   .   b - +0 robe
rPois   .          Reflect  .   (helmet restricted)
rElec   .          Harm     .   (no cloak)
rCorr   .          Rampage  .   (gloves unavailable)
Will    .....                   (boots unavailable)
Stlth   +.........              (no amulet)
HPRegen 0.08/turn               (no ring)
MPRegen 0.08/turn               (no ring)

@: no status effects
A: large, unfitting armour, tough skin 1
a: Renounce Religion, Depart the Abyss, Bend Space


You were on level 1 of the Abyss.
You worshipped Lugonu.
Lugonu was pleased with you.
You visited 0 branches of the dungeon, and saw 0 of its levels.
You visited the Abyss 1 time.

Inventory:

Hand Weapons
 a - a +1 spear (weapon)
Armour
 b - a +0 robe (worn)


   Skills:
 + Level 4.0 Fighting
 + Level 2.0 Polearms
 - Level 2.1 Dodging
 - Level 2.0 Invocations


You couldn't memorise any spells.
You didn't know any spells.
Your spell library was empty.

Dungeon Overview and Level Annotations

Branches:
Dungeon (0/15)

Altars:


Innate Abilities, Weirdness & Mutations

You are too large for most types of armour.
You have tough skin. (AC +1)


Message History

Welcome, Bruhh the Ogre Abyssal Knight.
They say the Orb of Zot lies within this dungeon, but they say a lot of things.
Lugonu says: Depart the Abyss and spread corruption, my servant! (use the ability menu to exit the Abyss) Press ? for a list of commands and other information.
Found a corrupted altar of Lugonu.
Found a corrupted altar of Lugonu.
Found a corrupted altar of Lugonu.
Found a gateway leading deeper into the Abyss.
You enter the shallow water.
Moving in this stuff is going to be slow.
You enter the shallow water.
Moving in this stuff is going to be slow.
You are suddenly pulled into a different region of the Abyss!
The will-o-the-wisp gives a chilling moan.
A starcursed mass splits.
The will-o-the-wisp gestures.
The will-o-the-wisp conjures some foxfire! 2 foxfires come into view.
The foxfire hits you!
Ouch! That really hurt!
* * * LOW HITPOINT WARNING * * *
The foxfire hits you!
Ouch! That really hurt!
You die...

#.............. .
..................
.................
#.§...#.....#... #
##§..###...###..
#.#.v§..#.....#...
##...§v...........
#.....@.§..........
........X...........
.#..#...X.#.....#...
## ##...###...###..
#.....#.....#...
.................
........ ........
#....#..#....##...
.## #..... .#


You could see 2 starcursed masses and a will-o-the-wisp.

Vanquished Creatures (others)
  A foxfire (Abyss:1)
1 creature vanquished.

Notes
Turn   | Place    | Note
-------+----------+-------------------------------------------
     0 | Abyss:1  | Bruhh the Ogre Abyssal Knight began the quest for the Orb.
     0 | Abyss:1  | Reached XP level 1. HP: 24/24 MP: 2/2
     1 | Abyss:1  | Found a corrupted altar of Lugonu.
     3 | Abyss:1  | Found a corrupted altar of Lugonu.
    33 | Abyss:1  | Found a corrupted altar of Lugonu.
   101 | Abyss:1  | Noticed a will-o-the-wisp
   101 | Abyss:1  | Noticed a starcursed mass
   103 | Abyss:1  | Killed from afar by a will-o-the-wisp

Illustrated notes

Levels and vault maps discovered:
Abyss:1:  base: Temple, base:
Temple

Table legend: (Time is in decaauts)
 A = Elapsed time spent in this place.
 B = Non-inter-level travel time spent in this place.
 C = Inter-level travel time spent in this place.
 D = Time resting spent in this place.
 E = Time spent auto-exploring this place.
 F = Levels seen in this place.
 G = Mean time per level.
                   A        B        C        D        E       F      G
               +--------+--------+--------+--------+--------+-----+--------+
         Total |    106 |    106 |      0 |      0 |      0 |   1 |  106.0 |
         Abyss |    106 |    106 |      0 |      0 |      0 |   1 |  106.0 |
               +--------+--------+--------+--------+--------+-----+--------+

Top non-repeatable levels by time:
 Abyss:1: 106 daAuts
